 Dungeon Crawl Stone Soup version 0.27.1-1-g398f81649c (webtiles) character file.

Game seed: 5518055538432100173

182 Squid the Skirmisher (level 5, -5/47 HPs)
             Began as a Draconian Berserker on Sept 14, 2021.
             Was a Believer of Trog.
             Slain by a gnoll (10 damage)
             ... on level 3 of the Dungeon.
             The game lasted 00:11:24 (3885 turns).

Squid the Skirmisher (Draconian Berserker)          Turns: 3885, Time: 00:11:25

Health: -5/47      AC:  6    Str: 25    XL:     5   Next: 34%
Magic:  5/5        EV: 12    Int:  7    God:    Trog [**....]
Gold:   90         SH:  0    Dex: 10    Spells: 4/4 levels left

rFire    + . .     SeeInvis .   f - +5 morningstar "Kitteshry" {drain, *Rage rElec Str+4}
rCold    + . .     Faith    .   (no shield)
rNeg     . . .     Spirit   .   (armour unavailable)
rPois    +         Reflect  .   (helmet restricted)
rElec    +         Harm     .   (no cloak)
rCorr    +         Rampage  .   b - +0 pair of gloves
Will     .....     Rnd*Rage +   (no boots)
Stlth    +.........             (no amulet)
HPRegen  0.15/turn              (no ring)
MPRegen  0.09/turn              (no ring)

@: resistant, on berserk cooldown, slowed, very slow
A: AC +5, unfitting armour, cold-blooded
a: Renounce Religion, Berserk, Trog's Hand


You were on level 3 of the Dungeon.
You worshipped Trog.
Trog was pleased with you.
You visited 1 branch of the dungeon, and saw 3 of its levels.

You collected 90 gold pieces.

Inventory:

Hand Weapons
 a - a +0 hand axe
 f - the +5 morningstar "Kitteshry" (weapon) {drain, *Rage rElec Str+4}
   (You acquired it on level 3 of the Dungeon)

   A truly terrible weapon, it drains the life of any living foe it strikes.
   Str:       It affects your strength (+4).
   rElec:     It insulates you from electricity.
   *Rage:     It may make you go berserk in combat.
 j - a +0 trident
 l - a +0 mace of protection
Armour
 b - a +0 pair of gloves (worn)
Scrolls
 d - a scroll of teleportation
 k - a scroll of identify
Potions
 e - a potion of might
 g - a potion of attraction {unknown}
 h - a potion of heal wounds {unknown}
 i - a potion of curing {unknown}


   Skills:
 * Level 4.3 Fighting
 - Level 3.9(4.2) Axes
 * Level 0.9(2.5) Maces & Flails
 - Level 2.1(3.2) Polearms
 + Level 3.5 Dodging
 - Level 0.8 Stealth


You had 4 spell levels left.
You didn't know any spells.
Your spell library was empty.

Dungeon Overview and Level Annotations

Branches:
Dungeon (3/15)

Altars:


Innate Abilities, Weirdness & Mutations

Your plain brown scales are hard. (AC +5)
You cannot fit into any form of body armour.
You are cold-blooded and may be slowed by cold attacks.


Message History

Trog accepts your kill. The gnoll hits you with a +0 flail!
The gnoll hits you but does no damage.
Things that are here:
a +0 spear; a gnoll corpse You puncture the gnoll!
The gnoll is severely wounded.
The gnoll hits you from afar with a +0 halberd.
The gnoll hits you with a +0 flail!
You completely miss the gnoll.
Your tail-slap misses the gnoll.
The gnoll is severely wounded.
The gnoll hits you from afar with a +0 halberd!
The gnoll hits you but does no damage.
You bludgeon the gnoll!!
You kill the gnoll!
Trog accepts your kill. The gnoll closely misses you.
The gnoll hits you with a +0 halberd.
You feel a strong urge to attack something.
You are no longer berserk.
You are exhausted.
You feel yourself slow down.
You closely miss the gnoll. You tail-slap the gnoll.
The gnoll is heavily wounded.
The gnoll closely misses you. The gnoll hits you with a +0 halberd!
You closely miss the gnoll.
The gnoll is heavily wounded.
The gnoll barely misses you. The gnoll closely misses you.
The gnoll barely misses you.
You barely miss the gnoll. You tail-slap the gnoll.
The gnoll is heavily wounded.
The gnoll misses you. The gnoll hits you with a +0 halberd.
You closely miss the gnoll. You tail-slap the gnoll.
The gnoll is severely wounded.
The gnoll barely misses you. The gnoll hits you with a +0 halberd!
* * * LOW HITPOINT WARNING * * *
It was a potion of resistance.
You feel protected. The gnoll hits you with a +0 halberd!
You die...

#.. .. ##.. .####
... .... ## #.###
#####..# ..8##...
......#
#.>..#####.#.#.# #
###..)>......#.##.#
#..@.)....).......#
#..g.#####†..#.####
#..#.# #......###
##.#.#####....#....
...............###
#..#.######..#.##
...#.# #.##...
....#.# ##.# #### .
## #.†#


You could see a gnoll.

Vanquished Creatures
  A hound (D:3)
  Robin (D:2)
  2 gnolls (D:3)
  3 adders
  3 worms (D:2)
  4 dart slugs
  An orc (D:3)
  5 endoplasms
  10 goblins
  12 hobgoblins
  4 jackals (D:3)
  6 kobolds
  5 quokkas
  3 ball pythons
  2 bats
  5 frilled lizards
  7 rats
74 creatures vanquished.

Notes
Turn   | Place    | Note
-------+----------+-------------------------------------------
     0 | D:1      | Squid the Draconian Berserker began the quest for the Orb.
     0 | D:1      | Reached XP level 1. HP: 19/19 MP: 1/1
    90 | D:1      | Found a faded altar of an unknown god.
   167 | D:1      | Reached XP level 2. HP: 23/26 MP: 2/2
  1864 | D:2      | Reached XP level 3. HP: 33/33 MP: 3/3
  1938 | D:2      | Noticed Robin
  1954 | D:2      | Killed Robin
  1958 | D:2      | Reached ** piety under Trog
  2354 | D:2      | Reached XP level 4. HP: 19/40 MP: 4/4
  2962 | D:2      | Reached skill level 4 in Fighting
  3239 | D:3      | Reached skill level 1 in Polearms
  3458 | D:3      | Reached XP level 5. HP: 46/46 MP: 5/5
  3762 | D:3      | Identified a scroll of acquirement
  3762 | D:3      | Acquired the +5 morningstar "Kitteshry" {drain, *Rage rElec
                  | Str+4}
  3885 | D:3      | Slain by a gnoll

Illustrated notes

Levels and vault maps discovered:
D:1:      minmay_arrival_arboretum_large, layout_basic,
          ebering_ecumenical_altar_box, corexii_hall_statues_i, minivault_4
D:2:      layout_basic, bh_walls_and_bars, uniq_robin
D:3:      layout_loops_ring, mainiacjoe_overflow_big_doors,
          biasface_ghost_orc_armoury, minmay_distorted

Skill      XL: |  1  2  3  4  5 |
---------------+----------------+-----
Dodging        | 3 |  3.5
Fighting       | 4 |  4.3
Polearms       | 1 2 |  2.1
Axes           | |  3.9
Maces & Flails | |  0.9
Stealth        | |  0.8

Action                   |  1- 3 |  4- 6 || total
-------------------------+-------+-------++-------
Melee: Hand axe          |    59 |       ||    59
       Tailslap          |    10 |    11 ||    21
       Trident           |    14 |    90 ||   104
       Morningstar       |       |    33 ||    33
       Mace              |       |     2 ||     2
Invok: Berserk           |     3 |     4 ||     7
       Trog's Hand       |       |     3 ||     3
  Use: Scroll            |     6 |     3 ||     9
       Potion            |       |     1 ||     1
 Stab: Sleeping          |     2 |       ||     2
Armor: Skin              |    21 |    78 ||    99
Dodge: Dodged            |    49 |   134 ||   183
